AoeStats
← | ArCas | Toruk Makto

Nomad

509241519Analyzed
4v4 RM · 5d ago on Sep 26, 2026· 42m 54s· 8 players
Game mode
Random Map
Map size
231×231
Population
200
Speed
Normal
Resources
Standard
Victory
Conquest
Starting age
Dark Age
Ending age
Imperial Age
RankedLock teamsTeams togetherTeam positionsShared explorationLock speedFull tech treeHidden civsTurbo modeCheats
Victory
Defeat
🇨🇱 Italians · Chile
1350
+16
🇨🇱 Koreans · Chile
1335
+16
🇦🇷 Khmer · Argentina
1313
+17
🇨🇳 Vietnamese · China
1307
+17
🇺🇸 Varangians · United States
1363
-18
🇺🇸 Turks · United States
1348
-17
🇲🇽 Danes · Mexico
1332
-16
🇵🇪 Franks · Peru
1311
-15
whitewidow52
11:07 Loom
13:43 Feudal Age
17:47 Castle Age
18:28 Double-Bit Axe
20:59 Horse Collar
:) YO30830
4:51 Loom
13:30 Feudal Age
18:56 Double-Bit Axe
24:07 Castle Age
22:08 Fishing Lines
Thor Odinson
3:38 Loom
13:51 Feudal Age
14:49 Fishing Lines
17:02 Double-Bit Axe
22:03 Castle Age
22:00 Scale Barding Armor
22:06 Forging
23:10 Bow Saw
24:55 Chain Barding Armor
26:09 Horse Collar
26:47 Gillnets
27:47 Fletching
31:05 Wheelbarrow
31:18 Heavy Plow
33:57 Town Watch
35:18 Husbandry
35:29 Bloodlines
36:18 Iron Casting
37:18 Hand Cart
FAR
4:42 Loom
12:53 Feudal Age
17:16 Fishing Lines
22:01 Castle Age
23:04 Gold Mining
22:59 Double-Bit Axe
28:42 Scale Barding Armor
30:42 Forging
33:15 Wheelbarrow
36:54 Chain Barding Armor
40:16 Imperial Age
39:27 Iron Casting
39:54 Husbandry
40:25 Cavalier
| ArCas | Toruk Makto
4:37 Loom
12:32 Feudal Age
16:33 Castle Age
15:01 Gold Mining
15:56 Bloodlines
16:39 Forging
16:35 Scale Barding Armor
17:18 Horse Collar
21:02 Town Watch
27:01 Wheelbarrow
26:49 Husbandry
28:13 Iron Casting
30:14 Gold Mining
31:12 Double-Bit Axe
32:57 Bow Saw
32:49 Heavy Plow
34:59 Chain Barding Armor
36:44 Fletching
37:32 Gold Shaft Mining
43:12 Imperial Age
40:38 Stone Mining
42:02 Bodkin Arrow
iiiiice
10:13 Loom
14:16 Feudal Age
15:43 Fletching
18:03 Castle Age
15:54 Double-Bit Axe
16:19 Gold Mining
17:09 Town Watch
18:25 Crossbowman
26:57 Padded Archer Armor
31:15 Bodkin Arrow
31:36 Leather Archer Armor
36:58 Imperial Age
35:04 Wheelbarrow
34:34 Horse Collar
35:57 Thumb Ring
36:41 Ballistics
37:30 Arbalester
38:28 Bracer
39:59 Chemistry
42:41 Ring Archer Armor
Gabon
4:35 Loom
12:11 Feudal Age
13:54 Fishing Lines
16:33 Castle Age
15:15 Fishing Lines
17:36 Double-Bit Axe
21:09 Bow Saw
21:08 Crossbowman
21:47 Town Watch
23:01 Fletching
24:40 Ballistics
25:36 Gillnets
27:54 Horse Collar
29:47 Wheelbarrow
31:43 Bodkin Arrow
35:05 Imperial Age
33:42 Eupseong
33:53 Heavy Plow
34:01 Gold Mining
34:48 Hand Cart
36:23 Conscription
36:33 Bracer
36:10 Arbalester
36:59 Thumb Ring
39:11 Chemistry
40:51 Masonry
41:20 Town Patrol
43:03 Scale Mail Armor
43:07 Squires
42:28 Elite Fire Lancer
43:42 Architecture
Cabeza.TitaniO
4:43 Loom
12:32 Feudal Age
13:07 Double-Bit Axe
19:29 Fletching
22:10 Castle Age
23:12 Medium Warships
22:58 Bodkin Arrow
28:13 Imperial Age
26:45 Wheelbarrow
25:55 Town Watch
27:25 Padded Archer Armor
29:40 Heavy Warships
29:32 Bracer
30:56 Ballistics
31:53 Leather Archer Armor
34:28 Chemistry
34:27 Conscription
34:35 Bow Saw
37:05 Ring Archer Armor
36:32 Gold Mining
36:32 Stone Mining
43:23 Hand Cart
43:08 Town Patrol
42:50 Horse Collar
43:24 Masonry
43:25 Fortified Wall
43:10 Murder Holes
Connection lost

Rejoining the realm…

Still unreachable

The connection could not be restored.

Session expired

The server has moved on; the page needs a fresh start.